 Dungeon Crawl Stone Soup version 0.14-a0-2091-gca92d1a (webtiles) character file.

148 Kae the Ruinous (level 4, 0/33 HPs)
             Began as a Draconian Conjurer on Jan 25, 2014.
             Killed from afar by an orc wizard (8 damage)
             ... with a magic dart
             ... on Level 3 of the Dungeon.
             The game lasted 00:05:09 (1989 turns).

Kae the Ruinous (Draconian Conjurer)                Turns: 1989, Time: 00:05:09

HP   0/33        AC  5     Str 10      XL: 4   Next: 23%
MP   0/8         EV 12     Int 17      God:
Gold 64          SH  0     Dex 11      Spells:  2 memorised,  5 levels left

rFire  + . .     SeeInvis +     h - +2,+0 short sword
rCold  x . .     Clarity  .     (armour unavailable)
rNeg   . . .     Conserve .     (no shield)
rPois  .         rCorr    .     (helmet restricted)
rElec  .         rRot     .     (no cloak)
SustAb . .       Spirit   .     (no gloves)
rMut   .         Warding  .     (no boots)
Saprov . . .     Stasis   .     (no amulet)
MR     .....                    j - ring of fire
                                i - ring of see invisible

@: not resistant to hostile enchantments, unstealthy
A: unfitting armour, AC +5
a: no special abilities


You were on level 3 of the Dungeon.
You were near starving.

You visited 1 branch of the dungeon, and saw 3 of its levels.

You collected 64 gold pieces.

Inventory:

Hand weapons
 h - a +2,+0 short sword (weapon)
Comestibles
 b - a bread ration
Scrolls
 a - 2 scrolls of identify
 d - 2 scrolls of remove curse {unknown}
 e - a scroll of enchant weapon II {unknown}
 f - 2 scrolls of teleportation {unknown}
 g - 2 scrolls of blinking {unknown}
 k - a scroll of random uselessness {unknown}
 l - 2 scrolls of enchant weapon I {unknown}
Jewellery
 i - a ring of see invisible (left hand)
 j - a ring of fire (right hand)
Potions
 m - a potion of restore abilities {unknown}
 n - a potion of resistance {unknown}
Books
 c - a book of Conjurations

   Spells                             Type                      Level
   *Magic Dart                        Conjuration                  1
   *Searing Ray                       Conjuration                  2
   Dazzling Spray                     Conjuration/Hexes            3
   Iskenderun's Mystic Blast          Conjuration                  4
   Iskenderun's Battlesphere          Conjuration/Charms           4
   Fulminant Prism                    Conjuration/Hexes            5


   Skills:
 - Level 1.7 Dodging
 - Level 1.7 Stealth
 + Level 2.8 Spellcasting
 * Level 5.3 Conjurations


You had 5 spell levels left.
You knew the following spells:

 Your Spells              Type           Power        Failure   Level  Hunger
a - Magic Dart            Conj           ###.         1%          1    #......
b - Searing Ray           Conj           ###...       2%          2    ##.....


Dungeon Overview and Level Annotations

Branches:
Dungeon (3/16)

Altars:

Annotations:
D:3 exclusion: orc wizard


Message History

Confirm with . or Enter, or press ? or * to list all spells.
Aiming: Magic Dart
Press: ? - help, Shift-Dir - straight line, f/p - orc wizard
Aim: an orc wizard, wielding an orcish war axe and wearing an orcish robe (heavily wounded, slightly transparent)
The magic dart hits the orc wizard.
The orc wizard is heavily wounded.
The orc wizard closely misses you.
Casting: Magic Dart
Confirm with . or Enter, or press ? or * to list all spells.
Aiming: Magic Dart
Press: ? - help, Shift-Dir - straight line, f/p - orc wizard
Aim: an orc wizard, wielding an orcish war axe and wearing an orcish robe (heavily wounded, slightly transparent)
The magic dart hits the orc wizard.
The orc wizard is almost dead.
The orc wizard barely misses you.
You hit the orc wizard but do no damage.
The orc wizard is almost dead.
The orc wizard points at you and mumbles some strange words.
The magic dart hits you!
You die...

#.# #.# #.# #.# #.# #.# #.# #.#
#.# #.#
####.#######.############## ####
........................... ....
...>......##...o..#####.### #...
..........##.#.#@.## #.# #...
.............#.#...# #.# #...
...........###.###.####.# #...
...........# ... #...##.######...
........o###.###.###......).(....
.#######.# .. g. #.###.#####(##
.# #.### ###.# #.# #.# .# #.. ..#
#.# #.# .# ###. .### #.# #.#


You could see an orc wizard (invisible).

Vanquished Creatures
  An orc wizard (D:3)
  2 adders (D:2)
  A worm (D:1)
  A giant gecko (D:3)
  An ooze (D:3)
  2 orcs
  3 bats
  A giant cockroach (D:1)
  3 goblins
  5 hobgoblins
  7 kobolds
  A ball python (D:1)
  2 rats (D:1)
30 creatures vanquished.

Notes
Turn   | Place    | Note
--------------------------------------------------------------
     0 | D:1      | Kae, the Draconian Conjurer, began the quest for the Orb.
     0 | D:1      | Reached XP level 1. HP: 14/14 MP: 3/3
   677 | D:1      | Reached XP level 2. HP: 20/20 MP: 0/4
   720 | D:1      | Learned a level 2 spell: Searing Ray
  1373 | D:2      | Reached XP level 3. HP: 26/26 MP: 3/6
  1548 | D:2      | Reached skill level 5 in Conjurations
  1965 | D:3      | Reached XP level 4. HP: 21/33 MP: 2/8
  1989 | D:3      | Killed from afar by an orc wizard

Action                   |  1- 3 |  4- 6 || total
-------------------------+-------+-------++-------
Melee: Unarmed           |    31 |       ||    31
       Short sword       |    46 |    16 ||    62
 Cast: Magic Dart        |    59 |     6 ||    65
       Searing Ray       |     2 |       ||     2
  Use: Scroll            |     1 |       ||     1
       Potion            |     1 |       ||     1
 Stab: Sleeping          |     3 |       ||     3
